 Dungeon Crawl Stone Soup version 0.29.1-15-g9cfb28693d (webtiles) character file.

Game seed: 17867325734288645352

445 Meretseger the Covert (level 7, -1/54 HPs)
             Began as a Naga Brigand on Mar 28, 2023.
             Was an Initiate of Cheibriados.
             Shot with an arrow by a centaur (13 damage)
             ... on level 5 of the Dungeon.
             The game lasted 00:09:56 (2451 turns).

Meretseger the Covert (Naga Brigand)                Turns: 2451, Time: 00:09:57

Health: -1/54      AC:  4    Str: 19    XL:     7   Next: 3%
Magic:  9/9        EV: 14    Int: 13    God:    Cheibriados [......]
Gold:   35         SH:  0    Dex: 12    Spells: 9/9 levels left

rFire   + . .      SeeInvis +   k - +0 mace (distort)
rCold   x . .      Faith    .   (no shield)
rNeg    . . .      Spirit   .   b - +0 robe
rPois   +          Reflect  .   (no helmet)
rElec   .          Harm     .   c - +0 cloak
rCorr   .          Rampage  .   (no gloves)
Will    .....      Rage     3%  (no barding)
Stlth   ++++......              i - amulet of regeneration
HPRegen 0.98/turn               j - ring of fire
MPRegen 0.11/turn               m - +4 ring of evasion

@: very slow
A: AC +2, large, see invisible, deformed body, poison resistance, slowness 2,
spit poison 1, naga tail 1, berserk 1, frail 1, strong 1
a: Spit Poison, Renounce Religion


You were on level 5 of the Dungeon.
You worshipped Cheibriados.
Cheibriados was noncommittal.
You visited 2 branches of the dungeon, and saw 6 of its levels.

You collected 35 gold pieces.

Inventory:

Hand Weapons
 a - a +2 dagger
 k - a +0 mace of distortion (weapon)
Missiles
 d - 14 poisoned darts
 e - 3 curare-tipped darts (quivered)
 f - 2 boomerangs
Armour
 b - a +0 robe (worn)
 c - a +0 cloak (worn)
Jewellery
 i - an amulet of regeneration (around neck)
 j - a ring of fire (left hand)
 m - a +4 ring of evasion (right hand)
Wands
 h - a wand of charming (16)
 n - a wand of polymorph (13)
Scrolls
 g - 3 scrolls of identify {unknown}
Potions
 l - 2 potions of curing {unknown}


   Skills:
 * Level 2.8 Fighting
 * Level 3.3 Short Blades
 * Level 1.0 Maces & Flails
 * Level 2.5 Throwing
 * Level 1.3 Armour
 * Level 1.8 Dodging
 * Level 8.4 Stealth
 * Level 1.5 Spellcasting
 * Level 1.2 Evocations


You had 9 spell levels left.
You didn't know any spells.
Your spell library contained the following spells:

 Spells                   Type           Power      Damage    Failure   Level
 Freeze                   Ice            0%         1d3       26%         1
 Frozen Ramparts          Ice            0%         1d1       63%         3
 Hailstorm                Conj/Ice       0%         3d3       95%         4


Dungeon Overview and Level Annotations

Branches:
Dungeon (5/15)             Temple (1/1) D:5

Altars:
Cheibriados
Dithmenos
Elyvilon
Fedhas
Hepliaklqana
Makhleb
Nemelex Xobeh
Okawaru
Qazlal
Sif Muna
Trog
Vehumet
Wu Jian
Xom
Yredelemnul
Zin
The Shining One


Innate Abilities, Weirdness & Mutations

Your serpentine skin is tough. (AC +2)
You have supernaturally acute eyesight. (SInv)
Armour fits poorly on your strangely shaped body.
Your system is resistant to poisons. (rPois)
You cover ground very slowly.
You can spit poison.
You have a snake-like lower body.
You sometimes lose your temper in combat.
You are frail. (-10% HP)
Your muscles are strong. (Str +4, Int/Dex -1)


Message History

The scorpion stings you but does no damage.
Unknown command.
The scorpion attacks as you move away! The scorpion completely misses you.
The scorpion stings you. The scorpion closely misses you.
You hit the scorpion.
The scorpion is almost dead.
You have got your breath back.
The scorpion stings you.
You hit the scorpion.
You kill the scorpion!
Cheibriados thoroughly appreciates the change of pace.
Your Maces & Flails skill increases to level 1!
You have reached level 7!
You see here a scorpion corpse.
There is a fountain of clear blue water here.
There is a fountain of clear blue water here.
There is an open door here.
There is an open door here.
You open the door.
There is an open door here.
Aiming: Spit Poison (1% risk of failure)
Press: ? - help, Shift-Dir - straight line, f - centaur
Aim: a centaur, wielding a +0 spear (wandering, hasn't noticed you, 75% to hit)
The splash of poison hits the centaur.
The centaur is lightly wounded.
The centaur shouts!
The centaur unwields a +0 spear.
The centaur wields a +0 shortbow.
The centaur shoots an arrow.
The arrow hits you.
The centaur shoots an arrow.
The arrow hits you!
You have got your breath back.
The centaur shoots an arrow.
The arrow hits you!
The centaur shoots an arrow.
The arrow hits you!
The centaur shoots an arrow.
The arrow hits you!
* * * LOW HITPOINT WARNING * * *
The centaur shoots an arrow.
The arrow misses you.
The centaur shoots an arrow.
The arrow hits you.
* * * LOW HITPOINT WARNING * * *
The centaur shoots an arrow.
The arrow misses you.
The centaur shoots an arrow.
The arrow hits you!
You die...

#.#.# #...#.....#.. #.#.#
##....#.#.... #.#.#
#........... ..≈....#.#.#
#...........
##≈≈....#.#.##############..
#.......#.#...........#####.
#.......#.................#.
#....c..#.................#.
#.....#..@..............#.
#.#.....#c#...............#.
#.........................#.
.......###................#.
.......+....[.........#####.
.......###............# #.
....... ##......... ##
....... #......... # .......
########## ###


You could see a centaur.

Vanquished Creatures
  A black bear (D:5)
  An ogre (D:4)
  A kobold brigand (D:5)
  A scorpion (D:5)
  A hound (D:5)
  An iguana (D:5)
  2 gnolls (D:5)
  4 adders
  2 dart slugs
  A bat (D:3)
  3 endoplasms
  A giant cockroach (D:1)
  3 hobgoblins
  5 kobolds (D:5)
  A ball python (D:1)
  A frilled lizard (D:1)
  A rat (D:3)
30 creatures vanquished.

Vanquished Creatures (others)
  An iguana (D:5)
  A gnoll (D:5)
  A bush (D:5)
3 creatures vanquished.

Grand Total: 33 creatures vanquished

Notes
Turn   | Place    | Note
-------+----------+-------------------------------------------
     0 | D:1      | Meretseger the Naga Brigand began the quest for the Orb.
     0 | D:1      | Reached XP level 1. HP: 19/19 MP: 1/1
    69 | D:1      | Reached skill level 6 in Stealth
   326 | D:1      | You fall into a shaft and drop 1 floor!
   329 | D:2      | You fall into a shaft and drop 1 floor!
   386 | D:3      | Reached XP level 2. HP: 6/26 MP: 2/2
   701 | D:3      | Found an ornate altar of the Wu Jian Council.
  1029 | D:4      | Noticed an orc warrior
  1087 | D:4      | Noticed an ogre
  1096 | D:4      | Gained mutation: You sometimes lose your temper in combat.
                  | [potion of mutation]
  1096 | D:4      | Gained mutation: You are frail. (-10% HP) [potion of
                  | mutation]
  1096 | D:4      | Gained mutation: Your muscles are strong. (Str +4, Int/Dex
                  | -1) [potion of mutation]
  1099 | D:4      | Killed an ogre
  1100 | D:4      | Reached skill level 1 in Dodging
  1100 | D:4      | Reached skill level 7 in Stealth
  1100 | D:4      | Reached skill level 1 in Spellcasting
  1100 | D:4      | Reached XP level 3. HP: 14/29 MP: 2/4
  1100 | D:4      | Reached XP level 4. HP: 18/36 MP: 2/5
  1185 | D:4      | Noticed an ogre
  1187 | D:5      | Entered Level 5 of the Dungeon
  1235 | D:5      | Reached XP level 5. HP: 41/41 MP: 6/6
  1250 | D:5      | Found a stormy altar of Qazlal.
  1300 | D:5      | Found a radiant altar of Vehumet.
  1389 | D:5      | Noticed a black bear
  1412 | D:5      | Killed a black bear
  1413 | D:5      | Reached skill level 1 in Armour
  1413 | D:5      | Reached XP level 6. HP: 33/49 MP: 7/7
  1499 | D:5      | Reached skill level 8 in Stealth
  1740 | D:5      | Reached skill level 1 in Evocations
  2044 | D:5      | Found a staircase to the Ecumenical Temple.
  2056 | Temple   | Entered the Ecumenical Temple
  2217 | Temple   | Became a worshipper of Cheibriados the Contemplative
  2266 | D:5      | Reached skill level 1 in Maces & Flails
  2266 | D:5      | Reached XP level 7. HP: 51/54 MP: 9/9
  2451 | D:5      | Shot with an arrow by a centaur

Illustrated notes

Levels and vault maps discovered:
D:1:      dpeg_arrival_arbitrary_b, layout_loops_ring, minmay_misc_feat_room
D:2:      layout_basic, palyth_stone_intersect, kennysheep_generic_room_8,
          uniq_natasha
D:3:      layout_loops_ring, nicolae_overflow_crystal_walls,
          ebering_ecumenical_altar_petrified, nicolae_titane
D:4:      layout_loops_ring, kennysheep_potato
D:5:      layout_basic, grunt_qazlal_clouds, nicolae_vehumet_radiance,
          gammafunk_temple_overflow_pools, minmay_temple_entry_antechambers,
          kb_lookout_dungeons_type
Temple:   nicolae_temple_great_sept

Skill      XL: |  1  2  3  4  5  6 |
---------------+-------------------+-----
Stealth        | 6 7 8 |  8.4
Throwing       | 2 |  2.5
Dodging        | 1 |  1.8
Spellcasting   | 1 |  1.5
Short Blades   | 3 |  3.3
Armour         | 1 |  1.3
Evocations     | 1 |  1.2
Maces & Flails | 1 |  1.0
Fighting       | |  2.8

Action                   |  1- 3 |  4- 6 |  7- 9 || total
-------------------------+-------+-------+-------++-------
Melee: Dagger            |    35 |     6 |       ||    41
       Mace              |       |    31 |       ||    31
Throw: Dart              |       |     4 |       ||     4
 Abil: Spit Poison       |     4 |    13 |     1 ||    18
Evoke: Wand              |       |     4 |       ||     4
  Use: Scroll            |     2 |       |       ||     2
       Potion            |     2 |       |       ||     2
 Stab: Sleeping          |     4 |     3 |       ||     7
Armor: Robe              |     2 |    11 |       ||    13
Dodge: Dodged            |    17 |    52 |     2 ||    71
